 Dungeon Crawl Stone Soup version 0.26-a0-662-g8b9c6dab81 (webtiles) character file.

Game seed: 1874948203624939725

582 oldriver the Magician (level 7, 0/36 HPs)
             Began as a Gargoyle Fire Elementalist on Oct 9, 2020.
             Killed from afar by Ijyb (10 damage)
             ... with a bolt of acid
             ... on level 5 of the Dungeon.
             The game lasted 00:08:42 (4920 turns).

oldriver the Magician (Gargoyle Fire Elementalist)  Turns: 4920, Time: 00:08:43

Health: 0/36       AC:  8    Str: 17    XL:     7   Next: 36%
Magic:  10/16      EV: 12    Int: 18    God:
Gold:   136        SH:  0    Dex: 16    Spells: 11/19 levels left

rFire    . . .     SeeInvis .   (no weapon)
rCold    . . .     Faith    .   (no shield)
rNeg     + . .     Spirit   .   a - +1 robe
rPois    ∞         Reflect  .   (no helmet)
rElec    +         Harm     .   e - +0 cloak
rCorr    .         Rampage  .   (no gloves)
MR       .....                  (no boots)
Stlth    ++........             (no amulet)
HPRegen  0.12/turn              d - +6 ring of dexterity
MPRegen  0.15/turn              n - +6 ring of strength

@: no status effects
A: negative energy resistance 1, electricity resistance, unbreathing,
petrification resistance, rot immunity, AC +4
a: no special abilities


You were on level 5 of the Dungeon.
You visited 1 branch of the dungeon, and saw 5 of its levels.

You collected 136 gold pieces.

Inventory:

Armour
 a - a +1 robe (worn)
 e - a +0 cloak (worn)
Jewellery
 c - an uncursed amulet of guardian spirit
 d - a +6 ring of dexterity (left hand)
 n - a +6 ring of strength (right hand)
Wands
 q - a wand of paralysis (11)
Scrolls
 b - 3 scrolls of remove curse
 i - 3 scrolls of identify
 o - 2 scrolls of amnesia
 p - 3 scrolls of enchant armour
Potions
 g - a potion of magic {unknown}
 j - a potion of stabbing {unknown}
 l - a potion of berserk rage
 m - a potion of flight {unknown}


   Skills:
 + Level 1.5 Dodging
 - Level 2.1 Stealth
 * Level 6.6 Spellcasting
 + Level 2.6 Conjurations
 + Level 3.7 Fire Magic


You had 11 spell levels left.
You knew the following spells:

 Your Spells              Type           Power        Failure   Level
a - Foxfire               Conj/Fire      ###.         3%          1
b - Conjure Flame         Conj/Fire      ###.....     9%          3
c - Sticky Flame          Conj/Fire      ###.....     30%         4

Your spell library contained the following spells:

 Spells                   Type           Power        Failure   Level
 Inner Flame              Hex/Fire       ##......     16%         3
 Fireball                 Conj/Fire      ###.......   63%         5


Dungeon Overview and Level Annotations

Branches:
Dungeon (5/15)
 Temple: D:4-7

Altars:
Hepliaklqana
Qazlal
Trog

Annotations:
D:4 Duvessa, Grinder
D:5 Ijyb


Innate Abilities, Weirdness & Mutations

You are resistant to torment.
Your stone body is resilient. (AC +4)
You are immune to poison.
You resist negative energy. (rN+)
You are resistant to electric shocks. (rElec)
You can survive without breathing.
You are immune to petrification.
You are immune to rotting.


Message History

The bolt of acid hits your foxfire!!
Your foxfire is splashed with acid!
The acid corrodes your foxfire! The bolt of acid misses you.
The centaur hits you.
* * * LOW HITPOINT WARNING * * *
Casting: Foxfire (safe; 3% risk of failure)
Confirm with . or Enter, or press ? or * to list all spells.
You conjure some foxfire!
The foxfire hits the centaur but does no damage.
The centaur is severely wounded.
Ijyb zaps a wand.
The bolt of acid hits your foxfire!
Your foxfire is splashed with acid!
The acid corrodes your foxfire! The bolt of acid misses you.
The centaur closely misses you.
Casting: Foxfire (safe; 3% risk of failure)
Confirm with . or Enter, or press ? or * to list all spells.
You conjure some foxfire!
The centaur hits you but does no damage.
Ijyb zaps a wand.
The bolt of acid hits your foxfire!
Your foxfire is splashed with acid!
The acid corrodes your foxfire! The bolt of acid hits you!
You die...

######## #.......
##########.######
#....§§§##.#
#(#####.##.# ## #.#
#)##.##.... #.#
#.......# #
########v# #.##.####
#.....v@c# #......
#.######.......##.###
...#.####.#. .g.....
# # #.).... #
..<....# .......#
.....#


You could see Ijyb and a centaur.

Vanquished Creatures
  Sigmund (D:3)
  A water moccasin zombie (D:5)
  Dowan (D:4)
  A centaur zombie (D:3)
  A hound (D:4)
  2 orc priests (D:3)
  2 hound skeletons
  7 gnolls (D:3)
  An adder (D:1)
  An ooze (D:1)
  An adder skeleton (D:3)
  A worm (D:3)
  2 dart slugs
  2 leopard geckos
  5 orcs
  A ball python (D:2)
  A giant cockroach (D:2)
  13 goblins
  6 hobgoblins
  4 jackals (D:3)
  2 quokkas
  7 bats
  7 frilled lizards
  8 kobolds
  5 rats
83 creatures vanquished.

Vanquished Creatures (others)
  425 foxfires
425 creatures vanquished.

Grand Total: 508 creatures vanquished

Notes
Turn   | Place    | Note
-------+----------+-------------------------------------------
     0 | D:1      | oldriver the Gargoyle Fire Elementalist began the quest for
                  | the Orb.
     0 | D:1      | Reached XP level 1. HP: 10/10 MP: 3/3
   422 | D:1      | Reached XP level 2. HP: 15/15 MP: 0/5
   837 | D:1      | Reached skill level 3 in Spellcasting
  1334 | D:1      | Reached XP level 3. HP: 19/19 MP: 4/7
  2123 | D:2      | Found a hazy altar of Hepliaklqana.
  2928 | D:3      | Reached XP level 4. HP: 11/24 MP: 1/9
  2941 | D:3      | Reached skill level 4 in Spellcasting
  3174 | D:3      | Learned a level 3 spell: Conjure Flame
  3179 | D:3      | Learned a level 4 spell: Sticky Flame
  3333 | D:3      | Found a faded altar of an unknown god.
  3335 | D:3      | Found a bloodstained altar of Trog.
  3354 | D:3      | Reached XP level 5. HP: 28/28 MP: 6/12
  3388 | D:3      | Noticed Sigmund
  3399 | D:3      | Killed Sigmund
  3399 | D:3      | Reached skill level 5 in Spellcasting
  3399 | D:3      | Reached XP level 6. HP: 19/32 MP: 3/14
  4216 | D:3      | Reached skill level 6 in Spellcasting
  4273 | D:3      | Found a stormy altar of Qazlal.
  4507 | D:4      | Reached XP level 7. HP: 35/36 MP: 12/16
  4616 | D:4      | Noticed Dowan
  4622 | D:4      | Noticed Grinder
  4625 | D:4      | Noticed Duvessa
  4626 | D:4      | Killed Dowan
  4648 | D:5      | Entered Level 5 of the Dungeon
  4915 | D:5      | Noticed Ijyb
  4920 | D:5      | Killed from afar by Ijyb

Illustrated notes

Levels and vault maps discovered:
D:1:      dpeg_arrival_tiny_a, layout_basic
D:2:      layout_loops_ring, old_standard_altar
D:3:      layout_rooms, nicolae_overflow_hidden_temple, lemuel_doored_altar,
          chequers_ecumenical_altar_simple, uniq_sigmund
D:4:      layout_basic, nicolae_dithmenos_the_darkroom, uniq_robin,
          uniq_grinder, uniq_menkaure, uniq_duvessa
D:5:      layout_loops_ring, gammafunk_temple_overflow_elements,
          minmay_temple_entry_metal_lava, uniq_pikel, uniq_ijyb

Skill      XL: |  1  2  3  4  5  6 |
---------------+-------------------+-----
Spellcasting   | 3 4 5 6 |  6.6
Conjurations   | 2 |  2.6
Dodging        | |  1.5
Stealth        | |  2.1
Fire Magic     | |  3.7

Action                   |  1- 3 |  4- 6 |  7- 9 || total
-------------------------+-------+-------+-------++-------
Melee: Unarmed           |     7 |     3 |    15 ||    25
 Cast: Foxfire           |   126 |   112 |    35 ||   273
  Use: Scroll            |       |       |     9 ||     9
       Potion            |       |       |     1 ||     1
Armor: Robe              |    21 |    13 |    11 ||    45
Dodge: Dodged            |    33 |    20 |    39 ||    92

Table legend: (Time is in decaauts)
 A = Elapsed time spent in this place.
 B = Non-inter-level travel time spent in this place.
 C = Inter-level travel time spent in this place.
 D = Time resting spent in this place.
 E = Time spent auto-exploring this place.
 F = Levels seen in this place.
 G = Mean time per level.
                   A        B        C        D        E       F      G
               +--------+--------+--------+--------+--------+-----+--------+
         Total |   4927 |   4809 |    118 |    987 |   2914 |   5 |  985.4 |
       Dungeon |   4927 |   4809 |    118 |    987 |   2914 |   5 |  985.4 |
               +--------+--------+--------+--------+--------+-----+--------+

Top non-repeatable levels by time:
     D:1: 1652 daAuts
     D:3: 1422 daAuts
     D:2: 1408 daAuts
     D:5: 279 daAuts
     D:4: 165 daAuts
